 Dungeon Crawl Stone Soup version 0.28.0 (webtiles) character file.

Game seed: 389150037092271909

88 styxcanada the Firebug (level 4, 0/24 HPs)
             Began as a Deep Elf Fire Elementalist on Feb 14, 2022.
             Slain by a quasit (3 damage)
             ... in a sewer.
             The game lasted 00:09:54 (2317 turns).

styxcanada the Firebug (Deep Elf Fire Elementalist) Turns: 2317, Time: 00:09:54

Health: 0/24       AC:  4    Str:  5      XL:     4   Next: 30%
Magic:  1/11       EV: 11    Int: 22      God:
Gold:   30         SH:  0    Dex: 11 (15) Spells: 9/10 levels left

rFire   . . .      SeeInvis .   i - +0 short sword
rCold   . . .      Faith    .   (no shield)
rNeg    . . .      Spirit   .   n - +1 leather armour
rPois   .          Reflect  .   (no helmet)
rElec   .          Harm     .   (no cloak)
rCorr   .          Rampage  .   (no gloves)
Will    .....                   (no boots)
Stlth   ++........              (no amulet)
HPRegen 0.08/turn               (no ring)
MPRegen 0.12/turn               (no ring)

@: no status effects
A: no striking features
a: no special abilities


You were in a sewer.
You visited 1 branch of the dungeon, and saw 3 of its levels.
You also visited: Sewer.

You collected 30 gold pieces.

Inventory:

Hand Weapons
 c - a +0 dagger
 i - a +0 short sword (weapon)
Missiles
 e - 14 poisoned darts (quivered)
Armour
 n - a +1 leather armour (worn)
Scrolls
 g - a scroll of fear {unknown}
 h - a scroll of noise {unknown}
 l - a scroll of immolation {unknown}
Potions
 b - 2 potions of lignification {unknown}
 f - a potion of mutation {unknown}
 j - a potion of degeneration {unknown}
 k - a potion of flight {unknown}
 m - a potion of curing {unknown}


   Skills:
 + Level 0.1 Armour
 + Level 2.9 Dodging
 * Level 3.3 Stealth
 + Level 3.6 Spellcasting
 + Level 1.8 Conjurations
 + Level 4.4 Fire Magic


You had 9 spell levels left.
You knew the following spells:

 Your Spells              Type           Power      Damage    Failure   Level
a - Foxfire               Conj/Fire      68%        2x1d7     5%          1

Your spell library contained the following spells:

 Spells                   Type           Power      Damage    Failure   Level
 Scorch                   Fire           46%        2d7       4%          2
 Conjure Flame            Conj/Fire      17%        6-21      16%         3
 Inner Flame              Hex/Fire       13%        N/A       24%         3
 Flame Wave               Conj/Fire      17%        2d6       47%         4


Dungeon Overview and Level Annotations

Branches:
Dungeon (3/15)              Sewer (1/1)

Altars:
Kikubaaqudgha


Message History

The quasit barely misses you.
The foxfire hits the quasit.
The quasit resists.
The quasit is heavily wounded.
The foxfire hits the quasit but does no damage.
The quasit is heavily wounded.
Casting: Foxfire (safe; 5% risk of failure)
Confirm with . or Enter, or press ? or * to list all spells.
You conjure some foxfire!
The quasit barely misses you.
The quasit claws you but does no damage.
The quasit closely misses you.
The foxfire hits the quasit.
The quasit resists.
The quasit is severely wounded.
The foxfire hits the quasit.
The quasit completely resists.
The quasit is severely wounded.
Casting: Foxfire (safe; 5% risk of failure)
Confirm with . or Enter, or press ? or * to list all spells.
You conjure some foxfire!
The quasit bites you.
* * * LOW HITPOINT WARNING * * *
You feel clumsy.
The quasit claws you but does no damage.
The quasit closely misses you. The quasit bites you.
* * * LOW HITPOINT WARNING * * *
You feel clumsy.
The quasit claws you but does no damage.
The quasit barely misses you.
Casting: Foxfire (safe; 5% risk of failure)
Confirm with . or Enter, or press ? or * to list all spells.
You don't know that spell.
Unknown command.
Your foxfire dissipates!
The foxfire hits the quasit.
The quasit resists.
The quasit is severely wounded.
Casting: Foxfire (safe; 5% risk of failure)
Confirm with . or Enter, or press ? or * to list all spells.
You conjure some foxfire!
The quasit closely misses you. x3
Your foxfire dissipates!
The foxfire hits the quasit but does no damage.
The quasit is severely wounded.
The quasit bites you.
You die...

'..≈≈≈≈≈≈≈≈≈ #.≈≈#
#.≈≈≈≈≈≈≈≈≈≈≈≈≈≈#.≈≈#
#.≈≈≈≈≈≈≈≈≈≈≈≈≈≈#.≈≈#
#..≈≈≈≈≈≈≈≈≈≈≈≈≈#.≈≈#
#..≈≈≈≈≈≈≈≈≈≈≈≈≈#.≈≈#
#...≈≈≈≈≈≈≈≈≈≈≈ #.≈≈#
###)#≈###≈≈#≈####.≈≈#
#≈≈.............#.≈≈#
≈≈≈≈.......)..)5@.≈≈#
#≈≈........÷....#.≈≈#
###.###≈##≈##≈####.##
...≈≈≈≈≈≈≈≈≈≈≈≈ ≈≈#
#..≈≈≈≈≈≈≈≈≈≈≈≈≈≈..≈#
#..≈≈≈≈≈≈≈≈≈≈≈≈≈≈≈≈.#
#.≈≈≈≈≈≈≈≈≈≈≈≈≈≈≈≈≈≈#
#.≈≈≈≈≈≈≈≈≈≈≈≈≈≈≈≈≈≈#
.≈≈≈≈≈≈≈≈≈≈≈≈≈≈≈≈≈≈


You could see a quasit.

Vanquished Creatures
  An adder (D:2)
  3 shadow imps (Sewer)
  An ufetubus (Sewer)
  A bat zombie (Sewer)
  3 endoplasms
  4 giant cockroaches
  3 goblins
  A hobgoblin (D:2)
  6 quokkas
  8 ball pythons
  3 bats
  4 frilled lizards
  8 kobolds
  A kobold zombie (Sewer)
  4 rats
  A spectral hobgoblin (D:1)
52 creatures vanquished.

Vanquished Creatures (others)
  An endoplasm (Sewer)
  A kobold zombie (Sewer)
  115 foxfires
117 creatures vanquished.

Grand Total: 169 creatures vanquished

Notes
Turn   | Place    | Note
-------+----------+-------------------------------------------
     0 | D:1      | styxcanada the Deep Elf Fire Elementalist began the quest
                  | for the Orb.
     0 | D:1      | Reached XP level 1. HP: 10/10 MP: 6/6
   324 | D:1      | Reached XP level 2. HP: 15/15 MP: 6/8
   535 | D:1      | Found a faded altar of an unknown god.
  1104 | D:2      | Reached skill level 4 in Fire Magic
  1385 | D:2      | Reached XP level 3. HP: 19/19 MP: 5/9
  1536 | D:2      | Found an ancient bone altar of Kikubaaqudgha.
  1762 | D:3      | Found a glowing drain.
  1789 | Sewer    | Entered a sewer
  1913 | Sewer    | Reached XP level 4. HP: 22/24 MP: 3/11
  2268 | Sewer    | Found a burning altar of Makhleb.
  2317 | Sewer    | Slain by a quasit

Illustrated notes

Levels and vault maps discovered:
D:1:      lemuel_arrival_rhombus, layout_basic,
          dreamdust_ecumenical_altar_drowned_temple, minmay_misc_feat_doors
D:2:      layout_basic, basic_altar
D:3:      layout_basic, portal_sewer_entry_f, uniq_crazy_yiuf_cottage
Sewer:    kennysheep_sewer_church

Skill      XL: |  1  2  3  4 |
---------------+-------------+-----
Fire Magic     | 4 |  4.4
Stealth        | 3 |  3.3
Armour         | |  0.1
Dodging        | |  2.9
Spellcasting   | |  3.6
Conjurations   | |  1.8

Action                   |  1- 3 |  4- 6 || total
-------------------------+-------+-------++-------
Throw: Dart              |     1 |     2 ||     3
 Cast: Foxfire           |    57 |    23 ||    80
  Use: Scroll            |     1 |       ||     1
Armor: Leather armour    |     5 |    32 ||    37
Dodge: Dodged            |     8 |    49 ||    57
